 Dungeon Crawl Stone Soup version 0.18-a0-1805-g8ab820f (webtiles) character file.

67 Zhenya25pyc the Shield-Bearer (level 4, -14/29 HPs)
             Began as a Gargoyle Fighter on Apr 26, 2016.
             Demolished by Menkaure (17 damage)
             ... on level 4 of the Dungeon.
             The game lasted 00:02:31 (1317 turns).

Zhenya25pyc the Shield-Bearer (Gargoyle Fighter)    Turns: 1317, Time: 00:02:31

Health: -14/29     AC: 13    Str: 23    XL:     4   Next: 18%
Magic:  4/4        EV:  0    Int:  8    God:
Gold:   86         SH:  9    Dex:  9    Spells: 0 memorised, 3 levels left

rFire  . . .     SeeInvis .     a - +0 flail
rCold  . . .     Gourm    .     i - +0 chain mail
rNeg   + . .     Faith    .     c - +0 shield
rPois  ∞         Spirit   .     (no helmet)
rElec  +         Dismiss  .     (no cloak)
rCorr  .         Reflect  .     (no gloves)
SustAt .         Harm     .     (no boots)
MR     .....                    (no amulet)
Stlth  ..........               (no ring)
                                b - +2 ring of strength

@: not resistant to hostile enchantments, extremely unstealthy
A: negative energy resistance 1, electricity resistance, unbreathing,
petrification resistance, rot immunity, AC +3
a: no special abilities


You were on level 4 of the Dungeon.
You were not hungry.

You visited 1 branch of the dungeon, and saw 4 of its levels.

You collected 86 gold pieces.

Inventory:

Hand Weapons
 a - a +0 flail (weapon)
Armour
 c - a +0 shield (worn)
 i - a +0 chain mail (worn)
Jewellery
 b - a +2 ring of strength (left hand)
Scrolls
 e - 3 scrolls of identify {unknown}
 g - 2 scrolls of enchant armour {unknown}
 j - a scroll of blinking {unknown}
 k - a scroll of enchant weapon {unknown}
Potions
 d - a potion of might
 l - a potion of berserk rage {unknown}
 m - 2 potions of flight {unknown}
Comestibles
 f - 3 bread rations


   Skills:
 + Level 3.7 Fighting
 * Level 2.8 Maces & Flails
 + Level 3.9 Armour
 + Level 3.9 Shields


You had 3 spell levels left.
You didn't know any spells.

Dungeon Overview and Level Annotations

Branches:
Dungeon (4/15)
 Temple: D:4-7

Altars:
The Shining One

Annotations:
D:4 Menkaure


Innate Abilities, Weirdness & Mutations

You are resistant to torment.
Your stone body is resilient (AC +3).
You are immune to poison.
You resist negative energy.
You are resistant to electric shocks.
You can survive without breathing.
You are immune to petrification.
You are immune to rotting.


Message History

You hit Menkaure but do no damage.
Menkaure mumbles some strange words.
Menkaure seems to speed up.
Your shield and chain mail prevent you from hitting Menkaure.
Menkaure hits you.
You hit Menkaure.
Menkaure is lightly damaged.
You block Menkaure's attack. Menkaure casts a spell at you.
Pain shoots through your body!
You sock Menkaure!
Menkaure is heavily damaged.
Menkaure hits you!
* * * LOW HITPOINT WARNING * * *
You are too injured to fight recklessly!
You are too injured to fight recklessly!
Menkaure rustles in an indecipherable tongue.
Menkaure hits you but does no damage. Menkaure hits you!
Ouch! That really hurt!
You die...

###### #...># #....#
#@...# #M...# #....#
##...># #.....#
###############.....#
.h......h.hS....#####
#############h....#
## ##.###.#


You could see Menkaure.

Vanquished Creatures
  2 adders
  A gnoll (D:1)
  A giant gecko (D:1)
  4 bats
  7 goblins (D:1)
  14 jackals
  3 kobolds
  2 rats (D:1)
34 creatures vanquished.

Notes
Turn   | Place    | Note
--------------------------------------------------------------
     0 | D:1      | Zhenya25pyc the Gargoyle Fighter began the quest for the Orb.
     0 | D:1      | Reached XP level 1. HP: 14/14 MP: 1/1
    85 | D:1      | Reached XP level 2. HP: 19/19 MP: 2/2
   535 | D:1      | Reached XP level 3. HP: 23/23 MP: 3/3
   898 | D:2      | Found a faded altar to an unknown god.
   937 | D:2      | You fall through a shaft for 2 floors!
   948 | D:4      | Found a glowing golden altar of the Shining One.
   989 | D:4      | Noticed a phantom
   990 | D:4      | Noticed Menkaure
  1194 | D:3      | Reached XP level 4. HP: 24/29 MP: 4/4
  1317 | D:4      | Demolished by Menkaure

Vault maps used:
D:1:      dpeg_arrival_simpleton_c
D:2:      fedhas_altar_1, ecumenical_altar_2, first_bread,
          mrwooster_statue_mirror, minmay_misc_feat_four_crosses, uniq_jessica
D:3:      grunt_gozag_statues
D:4:      tso_oasis_becter, lemuel_crystal_altar, uniq_menkaure

Action                   |  1- 3 |  4- 6 || total
-------------------------+-------+-------++-------
Melee: Flail             |    93 |    19 ||   112
  Eat: Beef jerky        |     1 |       ||     1
Armor: Scale mail        |    38 |       ||    38
       Chain mail        |    55 |    31 ||    86
Dodge: Dodged            |    40 |    10 ||    50
Block: Shield            |    91 |    15 ||   106
